 Dungeon Crawl Stone Soup version 0.23.2-40-g277498a001 (webtiles) character file.

Game seed: 12524740401242031940

1974 Clehvi the Magician (level 9, 19/68 HPs)
             Began as a Mummy Wizard on Oct 20, 2019.
             Was an Initiate of Gozag.
             Quit the game on level 8 of the Dungeon.
             The game lasted 00:50:50 (11919 turns).

Clehvi the Magician (Mummy Wizard)                 Turns: 11919, Time: 00:50:50

Health: 19/68      AC:  4    Str: 10    XL:     9   Next: 0%
Magic:  8/20       EV: 12    Int: 20    God:    Gozag
Gold:   707        SH:  0    Dex: 11    Spells: 12/23 levels left

rFire    x . .     SeeInvis .   a - +2 dagger (venom)
rCold    + . .     Gourm    .   (no shield)
rNeg     + + +     Faith    .   d - +0 robe
rPois    ∞         Spirit   .   q - +0 hat
rElec    .         Reflect  .   (no cloak)
rCorr    .         Harm     .   (no gloves)
MR       +....                  s - +1 pair of boots
Stlth    +++.......             (no amulet)
HPRegen  0.21/turn              v - ring of stealth
MPRegen  0.17/turn              (no ring)

@: very slightly contaminated
A: no food or potions, fire vulnerability, cold resistance 1, negative energy
resistance 3, torment resistance, unbreathing
a: Potion Petition, Call Merchant, Bribe Branch, Renounce Religion


You were on level 8 of the Dungeon.
You worshipped Gozag.
Gozag was pleased with you.
You were not hungry.

You visited 2 branches of the dungeon, and saw 9 of its levels.

You collected 755 gold pieces.
You paid 48 gold pieces to Gozag.

Inventory:

Hand Weapons
 a - a +2 dagger of venom (weapon)
 b - a +0 hunting sling
 r - a +0 trident
Missiles
 c - 338 stones (quivered)
 i - 9 sling bullets
Armour
 d - a +0 robe (worn)
 f - a +0 ring mail
 q - a +0 hat (worn)
 s - a +1 pair of boots (worn)
Jewellery
 k - an uncursed ring of ice
 v - a ring of stealth (left hand)
Wands
 n - a wand of digging (5)
 u - a wand of flame (22)
Scrolls
 e - a scroll of amnesia
 g - 2 scrolls of teleportation {unknown}
 h - 2 scrolls of enchant weapon {unknown}
 j - 2 scrolls of fog {unknown}
 l - 2 scrolls of enchant armour {unknown}
 o - 2 scrolls of identify
 p - 3 scrolls of fear


   Skills:
 + Level 5.1 Fighting
 - Level 1.5 Dodging
 - Level 1.5 Stealth
 + Level 7.5 Spellcasting
 + Level 4.3 Conjurations
 - Level 4.0 Summonings
 - Level 3.0 Translocations
 - Level 2.0 Air Magic
 - Level 2.0 Poison Magic


You had 12 spell levels left.
You knew the following spells:

 Your Spells              Type           Power        Failure   Level  Hunger
a - Magic Dart            Conj           ####         1%          1    N/A
b - Call Imp              Summ           ###.....     2%          2    N/A
c - Mephitic Cloud        Conj/Pois/Air  ###.....     9%          3    N/A
d - Blink                 Tloc           N/A          4%          2    N/A
e - Conjure Flame         Conj/Fire      ###.....     11%         3    N/A

Your spell library contained the following spells:

 Spells                   Type           Power        Failure   Level  Hunger
 Slow                     Hex            #.......     14%         2    N/A

Dungeon Overview and Level Annotations

Branches:
Dungeon (8/15)             Temple (1/1) D:4
   Lair: D:8-11

Altars:
Ashenzari
Dithmenos
Elyvilon
Fedhas
Gozag
Hepliaklqana
Makhleb
Nemelex Xobeh
Okawaru
Ru
Sif Muna
Trog
Uskayaw
Vehumet
Wu Jian
Xom
Yredelemnul
The Shining One
Lugonu

Annotations:
D:4 1 runed translucent door, Blork the orc; Gildeon's ghost, amateur DgSk
D:7 2 transporters, exclusion: hornet, spacedv's ghost, novice OpTm
D:8 1 runed translucent door, Grum; Pikel


Innate Abilities, Weirdness & Mutations

You do not eat or drink.
Your flesh is vulnerable to fire.
You are immune to poison.
Your flesh is cold resistant. (rC+)
You are immune to negative energy. (rN+++)
You are immune to unholy pain and torment.
You can survive without breathing.


Message History

Pikel the Slaver comes into view.
He is wielding a +0 whip of freezing.
A hound comes into view.
The orc priest mumbles some strange prayers to Beogh against you.
Beogh smites you!
The killer bee stings you but does no damage.
A wolf comes into view.
Pikel moves out of view.
The hound barks!
Found a stone staircase leading down.
The killer bee stings something.
The killer bee closely misses you.
A hungry ghost comes into view.
A bullfrog skeleton comes into view.
The hound bites you but does no damage.
A wolf comes into view.
The hound bites you. The killer bee stings you.
A jackal and Grum come into view.
A wolf comes into view.
The killer bee stings you.
* * * LOW HITPOINT WARNING * * *
A crocodile comes into view.
Are you sure you want to abandon this character and quit the game? (Confirm with "yes".) ...#.# ... .....# ... .....## S.. .##.. #(#######S# ## ...###..#....yH. #.t# ##...$.....# #oo

.hh.. ##y.o.......#
#o#
#....##hZ#........#
#.#
#hWh@y##...o....#
#.#
Z....######........#
#.# .g. #.o.##o####
#.# $ #
#..###..######.#
#........o..o....#
...o#####........#
#...K ##########
#....


You could see Grum, a hungry ghost, a crocodile (wandering), 3 wolves, a hound,
2 killer bees, an orc priest, a centaur zombie, a jackal (wandering) and a
bullfrog skeleton (wandering).

Vanquished Creatures
  A hornet (D:7)
  An ice beast (D:6)
  A sky beast (D:6)
  3 black bears (D:6)
  A phantom (D:2)
  A centaur (D:5)
  A bullfrog (D:7)
  2 scorpions
  3 wights (D:7)
  4 crimson imps
  2 hounds (D:4)
  A bullfrog skeleton (D:4)
  5 orc priests
  4 orc wizards
  An iguana (D:4)
  Natasha (twice) (D:6)
  4 worker ants
  3 gnolls (D:7)
  5 adders
  An adder skeleton (D:4)
  A dart slug (D:1)
  2 leopard geckos
  11 orcs
  3 ball pythons
  4 giant cockroaches
  7 goblins
  3 hobgoblins
  5 jackals
  4 kobolds
  2 quokkas
  3 bats
  7 frilled lizards
  A leopard gecko zombie (D:6)
  A quokka skeleton (D:4)
  5 rats
  2 demonic plants (Temple)
107 creatures vanquished.

Vanquished Creatures (collateral kills)
  A black bear (D:7)
  A sky beast (D:7)
  A jelly (D:7)
  Natasha (D:6)
  A worker ant (D:4)
  A hound zombie (D:7)
  A howler monkey skeleton (D:6)
  3 jackals (D:2)
  A bat (D:1)
11 creatures vanquished.

Vanquished Creatures (others)
  4 plants (D:7)
4 creatures vanquished.

Grand Total: 122 creatures vanquished

Notes
Turn   | Place    | Note
-------+----------+-------------------------------------------
     0 | D:1      | Clehvi the Mummy Wizard began the quest for the Orb.
     0 | D:1      | Reached XP level 1. HP: 13/13 MP: 5/5
   163 | D:1      | Reached skill level 1 in Conjurations
   423 | D:1      | Reached XP level 2. HP: 20/20 MP: 2/7
   475 | D:1      | Learned a level 2 spell: Call Imp
   478 | D:1      | Learned a level 2 spell: Blink
  1009 | D:1      | Reached skill level 1 in Summonings
  1268 | D:2      | Reached skill level 1 in Fighting
  1268 | D:2      | Reached skill level 1 in Translocations
  1654 | D:2      | Reached XP level 3. HP: 26/26 MP: 3/8
  2013 | D:2      | Noticed a phantom
  2152 | D:1      | Learned a level 3 spell: Mephitic Cloud
  2555 | D:3      | Found a hide-covered altar of Uskayaw.
  2677 | D:3      | Found a white marble altar of Elyvilon.
  2843 | D:3      | Found a burning altar of Makhleb.
  3028 | D:3      | Found a blossoming altar of Fedhas.
  3712 | D:4      | Noticed Natasha
  3855 | D:4      | Found a runed translucent door.
  3861 | D:4      | Noticed Blork the orc
  3889 | D:4      | Reached XP level 4. HP: 23/32 MP: 1/10
  3990 | D:4      | Found a sacrificial altar of Ru.
  4054 | D:4      | Reached skill level 1 in Air Magic
  4215 | D:4      | Reached skill level 1 in Poison Magic
  4215 | D:4      | Reached XP level 5. HP: 34/37 MP: 6/11
  4309 | D:4      | Noticed Gildeon's ghost (amateur DgSk)
  5218 | D:4      | Reached XP level 6. HP: 22/44 MP: 5/13
  5705 | D:4      | Found a staircase to the Ecumenical Temple.
  5715 | Temple   | Entered the Ecumenical Temple
  5729 | Temple   | Became a worshipper of Gozag Ym Sagoz the Greedy
  5921 | D:5      | Entered Level 5 of the Dungeon
  5960 | D:4      | Found a hazy altar of Hepliaklqana.
  6561 | D:5      | Reached skill level 5 in Spellcasting
  6829 | D:5      | Reached XP level 7. HP: 51/51 MP: 10/14
  7022 | D:5      | Found a radiant altar of Vehumet.
  8249 | D:6      | Found a bloodstained altar of Trog.
  8318 | D:6      | Reached skill level 6 in Spellcasting
  8318 | D:6      | Reached XP level 8. HP: 47/59 MP: 9/17
  8399 | D:6      | Killed Natasha
  8496 | D:6      | Found a shattered altar of Ashenzari.
  8550 | D:6      | Noticed Natasha
  8564 | D:6      | Killed Natasha
  8786 | D:6      | Noticed Natasha
  8794 | D:6      | Killed Natasha
  9274 | D:6      | Learned a level 3 spell: Conjure Flame
  9818 | D:6      | Found a shimmering altar of Xom.
 10385 | D:7      | Noticed a hornet
 10821 | D:7      | Reached skill level 7 in Spellcasting
 11061 | D:7      | Noticed spacedv's ghost (novice OpTm)
 11062 | D:7      | Found a transporter.
 11066 | D:7      | Found a transporter.
 11157 | D:7      | HP: 1/61 [something/magic dart (9)]
 11646 | D:7      | Killed a hornet
 11646 | D:7      | Reached skill level 5 in Fighting
 11795 | D:7      | Reached XP level 9. HP: 58/68 MP: 8/20
 11800 | D:8      | Found a runed translucent gate.
 11915 | D:8      | Noticed Pikel
 11918 | D:8      | Noticed Grum
 11919 | D:8      | Quit the game

Skill      XL: |  1  2  3  4  5  6  7  8 |
---------------+-------------------------+-----
Conjurations   | 1 2 3 4 |  4.3
Summonings     | 1 2 4 |  4.0
Fighting       | 1 2 3 5 |  5.1
Translocations | 1 2 3 |  3.0
Air Magic      | 1 2 |  2.0
Poison Magic   | 1 2 |  2.0
Spellcasting   | 5 6 7 |  7.5
Dodging        | |  1.5
Stealth        | |  1.5

Action                   |  1- 3 |  4- 6 |  7- 9 || total
-------------------------+-------+-------+-------++-------
Melee: Dagger            |    17 |    82 |    44 ||   143
 Fire: Hunting sling     |       |     3 |    76 ||    79
 Cast: Magic Dart        |    76 |    64 |   159 ||   299
       Call Imp          |    12 |    10 |    29 ||    51
       Mephitic Cloud    |       |    11 |    22 ||    33
       Blink             |       |     1 |       ||     1
       Conjure Flame     |       |       |    23 ||    23
  Use: Scroll            |       |       |     6 ||     6
 Stab: Paralysed         |       |     1 |       ||     1
       Confused          |       |     1 |     5 ||     6
Armor: Robe              |     4 |     7 |    27 ||    38
Dodge: Dodged            |    14 |    26 |    78 ||   118
